 Dungeon Sprint DCSS version 0.17-a0-1636-g3119f2b (webtiles) character file.

12213 Kidiri the Unseen (level 11, -1/47 HPs)
             Began as a Spriggan Enchanter on Aug 5, 2015.
             Was the Champion of Dithmenos.
             Killed from afar by a white draconian (42 damage)
             ... with a chilling blast
             ... in the Dungeon (Sprint VII: "The Pits").
             The game lasted 00:19:16 (2815 turns).

Kidiri the Unseen (Spriggan Enchanter)              Turns: 2815, Time: 00:19:16

Health: -1/47      AC:  5    Str:  4    XL:     11   Next: 59%
Magic:  19/30      EV: 38    Int: 19    God:    Dithmenos [******]
Gold:   95         SH: 10    Dex: 21    Spells: 5 memorised, 27 levels left

rFire  . . .     SeeInvis +     w - +2 rapier (elec)
rCold  . . .     Clarity  .     b - +1 robe
rNeg   . . .     SustAt   .     x - +2 buckler {reflect}
rPois  .         Gourm    .     (helmet restricted)
rElec  .         Spirit   .     v - +1 cloak
rCorr  .         Warding  .     (gloves unavailable)
rMut   .         NoTele   +     (boots unavailable)
MR     +....                    (no amulet)
Stlth  ++++++++++               r - +3 ring of dexterity
                                q - +3 ring of evasion

@: lethally poisoned (-1 -> -2), wreathed by umbra, very quick, somewhat
resistant to hostile enchantments, uncannily stealthy
A: unfitting armour, see invisible, herbivore 3, speed 3, slow metabolism 2
a: Shadow Step, Shadow Form, Renounce Religion


You were in the Dungeon.
You worshipped Dithmenos.
Dithmenos was exalted by your worship.
You were not hungry.

You visited 1 branch You collected 95 gold pieces.

Inventory:

Hand weapons
 k - a +2 dagger
 p - a +0 dagger of venom
 w - a +2 rapier of electrocution (weapon)
Armour
 b - a +1 robe (worn)
 v - a +1 cloak (worn)
 x - a +2 buckler of reflection (worn)
Jewellery
 q - a +3 ring of evasion (left hand)
 r - a +3 ring of dexterity (right hand)
 z - an uncursed ring of positive energy
 F - an uncursed ring of poison resistance
 G - an uncursed ring of magical power
Scrolls
 j - 2 scrolls of blinking
 m - 3 scrolls of remove curse
 n - 6 scrolls of amnesia
 o - a scroll of summoning
 y - a scroll of fear
 A - 2 scrolls of enchant weapon
 B - 2 scrolls of recharging
 D - 2 scrolls of identify
Potions
 e - 5 potions of curing
 f - 16 potions of heal wounds
 g - 2 potions of haste
 h - 3 potions of magic
 i - 5 potions of berserk rage
 l - 2 potions of invisibility
 s - 3 potions of might
 t - a potion of cure mutation
 u - a potion of brilliance
 C - a potion of resistance
Books
 c - a book of Maledictions

   Spells                             Type                      Level
   a - Corona                         Hexes                        1
   b - Ensorcelled Hibernation        Hexes/Ice                    2
   c - Confuse                        Hexes                        3
   d - Tukima's Dance                 Hexes                        3
   e - Dazzling Spray                 Conjuration/Hexes            3
 E - a book of Annihilations

   Spells                             Type                      Level
   a - Poison Arrow                   Conjuration/Poison           6
   b - Chain Lightning                Conjuration/Air              8
   c - Lehudib's Crystal Spear        Conjuration/Earth            8
   d - Glaciate                       Conjuration/Ice              9
   e - Fire Storm                     Conjuration/Fire             9
Comestibles
 a - 40 fruits
 d - 6 bread rations


   Skills:
 + Level 10.1 Short Blades
 * Level 17.0 Dodging
 * Level 18.5 Stealth
 * Level 6.4 Shields
 * Level 14.8 Spellcasting
 + Level 6.5 Conjurations
 + Level 11.3 Hexes
 + Level 7.1 Ice Magic
 - Level 4.0 Invocations


You had 27 spell levels left.
You knew the following spells:

 Your Spells              Type           Power        Failure   Level  Hunger
a - Corona                Hex            ######.      1%          1    None
b - Ensorcelled Hibernat  Hex/Ice        #####.       1%          2    None
c - Confuse               Hex            ######..     1%          3    None
d - Tukima's Dance        Hex            ######..     1%          3    None
e - Dazzling Spray        Conj/Hex       #####...     1%          3    None


Dungeon Overview and Level Annotations

Branches:
Dungeon (1/1)

Altars:
Ashenzari
Cheibriados
Dithmenos
Elyvilon
Fedhas
Kikubaaqudgha
Makhleb
Nemelex Xobeh
Okawaru
Ru
Sif Muna
Trog
Vehumet
Xom
Yredelemnul
Zin
The Shining One
Beogh
Jiyva
Lugonu


Innate Abilities, Weirdness & Mutations

You are tiny and cannot use many weapons and most armour.
You have supernaturally acute eyesight.
You are a herbivore.
You cover ground extremely quickly.
You need consume almost no food.


Message History

You strike the helpless giant leech from behind!
You stick the giant leech like a pincushion!!!
You kill the giant leech!
Dithmenos accepts your kill.
You feel sick.
You see here a giant leech corpse.
You butcher the giant leech corpse.
You see here 3 chunks of flesh.
Things that are here:
a +1 scimitar of protection; a robe You feel sick.
There is a huge open gate to the Grid Vault (Hard), spattered with blood here.
There is a huge open gate to the Grid Vault (Hard) here.
Items here: % ) [ ÷ a quarterstaff; a robe; a chunk of flesh; a spriggan skeleton You feel sick.
The white draconian breathes frost at you.
The chilling blast hits you!
Ouch! That really hurt!
You die...

#N.## #D# #..# #.§# #C# #..# #..#
#H# #..# #..################..#
#########......§.....d.......#
_______##......§)§...........#
_______###########''##########
###+##############)'######
))+.+%.##.......@........#
))#.#?(##......#..#).....#
###+#####................+
........'............)...+
###+#####......#..#......#
.%..#..##................#
....#).#####+#####''######
#+###))##.......##''#############
....#))##.......##......#.).'....


You could see a white draconian.

Vanquished Creatures
  A greater naga (D)
  A vampire knight (D)
  2 hydras (D)
  A shadow wraith (D)
  A spriggan druid (D)
  A manticore (D)
  A sixfirhy (D)
  2 elephants (D)
  A salamander (shapeshifter) (D)
  2 molten gargoyles (D)
  A gargoyle (D)
  A kobold demonologist (D)
  2 hellwings (D)
  A polar bear (D)
  A snapping turtle (D)
  A giant leech (D)
  A bog body (D)
  A boulder beetle (D)
  2 blink frogs (D)
  A redback (D)
  A ynoxinul (D)
  A spriggan (D)
  A basilisk (D)
  A steam dragon (D)
  A hungry ghost (D)
  4 vampire mosquitoes (D)
  A water moccasin (D)
  A black bear (D)
  A swamp drake (D)
  2 centaurs (D)
  2 big kobolds (D)
  A giant frog (D)
  4 killer bees (D)
  A quasit (D)
  A hound (D)
  A jelly (D)
  3 orc wizards (D)
  An orc priest (D)
  A worker ant (D)
  A river rat (D)
  An ufetubus (D)
  An adder skeleton (D)
  4 orcs (D)
  2 bats (D)
  A bat zombie (D)
  A giant cockroach (D)
  4 jackals (D)
  4 quokkas (D)
  A ball python (D)
  A giant gecko zombie (D)
  2 giant newts (D)
  A goblin (D)
  A jackal skeleton (D)
  3 kobolds (D)
  2 rats (D)
84 creatures vanquished.

Vanquished Creatures (others)
  A ghost moth (D)
1 creature vanquished.

Grand Total: 85 creatures vanquished

Notes
Turn   | Place    | Note
--------------------------------------------------------------
     0 | D        | Kidiri the Spriggan Enchanter began the quest for the Orb.
     0 | D        | Reached XP level 1. HP: 9/9 MP: 5/5
    24 | D        | Found a sacrificial altar of Ru.
    24 | D        | Found a basalt altar of Yredelemnul.
    24 | D        | Found a shadowy altar of Dithmenos.
    24 | D        | Found a deep blue altar of Sif Muna.
    24 | D        | Found a burning altar of Makhleb.
    24 | D        | Found a shimmering altar of Xom.
    24 | D        | Found an ancient bone altar of Kikubaaqudgha.
    24 | D        | Found a sparkling altar of Nemelex Xobeh.
    25 | D        | Found a glowing golden altar of the Shining One.
    25 | D        | Found a bloodstained altar of Trog.
    25 | D        | Found a shattered altar of Ashenzari.
    25 | D        | Found a white marble altar of Elyvilon.
    25 | D        | Found a snail-covered altar of Cheibriados.
    25 | D        | Found a blossoming altar of Fedhas.
    25 | D        | Found a radiant altar of Vehumet.
    25 | D        | Found a glowing silver altar of Zin.
    25 | D        | Found a corrupted altar of Lugonu.
    25 | D        | Found a viscous altar of Jiyva.
    25 | D        | Found a roughly hewn altar of Beogh.
    25 | D        | Found an iron altar of Okawaru.
    28 | D        | Became a worshipper of Dithmenos the Shadowed
    87 | D        | Reached skill level 5 in Stealth
    92 | D        | Acquired Dithmenos's first power
    92 | D        | Reached XP level 2. HP: 13/13 MP: 5/7
   167 | D        | Noticed a hungry ghost
   240 | D        | Killed a hungry ghost
   240 | D        | Reached skill level 7 in Dodging
   240 | D        | Reached skill level 8 in Stealth
   240 | D        | Reached skill level 5 in Hexes
   240 | D        | Reached XP level 3. HP: 14/16 MP: 9/12
   240 | D        | Reached XP level 4. HP: 18/21 MP: 9/13
   240 | D        | Reached XP level 5. HP: 20/24 MP: 10/15
   294 | D        | Learned a level 2 spell: Ensorcelled Hibernation
   298 | D        | Learned a level 3 spell: Confuse
   302 | D        | Learned a level 3 spell: Tukima's Dance
   306 | D        | Learned a level 3 spell: Dazzling Spray
   309 | D        | Noticed a worker ant
   311 | D        | Noticed a giant frog
   312 | D        | Noticed a black bear
   336 | D        | Killed a giant frog
   336 | D        | Acquired Dithmenos's second power
   336 | D        | Reached skill level 9 in Stealth
   336 | D        | Reached skill level 1 in Conjurations
   336 | D        | Reached skill level 1 in Ice Magic
   340 | D        | Killed a worker ant
   681 | D        | Killed a black bear
   681 | D        | Reached skill level 10 in Stealth
   681 | D        | Reached XP level 6. HP: 28/28 MP: 2/17
   781 | D        | Noticed a hound
   783 | D        | Killed a hound
   783 | D        | Reached skill level 5 in Short Blades
   785 | D        | Noticed an elephant
   791 | D        | Killed an elephant
   791 | D        | Acquired Dithmenos's third power
   791 | D        | Reached skill level 10 in Dodging
   791 | D        | Reached skill level 11 in Stealth
   791 | D        | Reached XP level 7. HP: 16/32 MP: 10/20
  1050 | D        | Noticed an orc wizard
  1050 | D        | Noticed a quasit
  1059 | D        | Killed an orc wizard
  1063 | D        | Killed a quasit
  1063 | D        | Acquired Dithmenos's fourth power
  1063 | D        | Reached skill level 12 in Stealth
  1106 | D        | Noticed a steam dragon
  1106 | D        | Noticed a hellwing
  1108 | D        | Killed a hellwing
  1110 | D        | Killed a steam dragon
  1110 | D        | Reached skill level 10 in Spellcasting
  1110 | D        | Reached XP level 8. HP: 36/36 MP: 14/23
  1226 | D        | Noticed a shadow wraith
  1228 | D        | Killed a shadow wraith
  1228 | D        | Reached skill level 13 in Stealth
  1244 | D        | Noticed a hellwing
  1245 | D        | Noticed an elephant
  1246 | D        | Killed a hellwing
  1246 | D        | Reached skill level 14 in Stealth
  1250 | D        | Killed an elephant
  1250 | D        | Reached XP level 9. HP: 39/39 MP: 12/25
  1324 | D        | Noticed a spriggan
  1326 | D        | Killed a spriggan
  1391 | D        | Noticed a gargoyle
  1391 | D        | Noticed a jelly
  1393 | D        | Killed a gargoyle
  1393 | D        | Reached skill level 1 in Shields
  1394 | D        | Killed a jelly
  1454 | D        | Noticed a salamander
  1457 | D        | Noticed a four-headed hydra
  1457 | D        | Noticed a kobold demonologist
  1457 | D        | Noticed a big kobold
  1457 | D        | Noticed a big kobold
  1457 | D        | Noticed an orc priest
  1457 | D        | Noticed an orc wizard
  1457 | D        | Noticed an orc wizard
  1458 | D        | Killed a salamander
  1458 | D        | Reached skill level 15 in Stealth
  1458 | D        | Reached skill level 5 in Ice Magic
  1468 | D        | Killed an orc wizard
  1490 | D        | Killed an orc priest
  1491 | D        | Noticed a rust devil
  1625 | D        | Noticed a vampire mosquito
  1629 | D        | Noticed a vampire mosquito
  1634 | D        | Noticed a vampire mosquito
  1635 | D        | Killed a vampire mosquito
  1636 | D        | Noticed a vampire mosquito
  1637 | D        | Killed a vampire mosquito
  1638 | D        | Killed a vampire mosquito
  1639 | D        | Killed a vampire mosquito
  1744 | D        | Killed a big kobold
  1759 | D        | Killed a big kobold
  1760 | D        | Killed a kobold demonologist
  1760 | D        | Reached skill level 5 in Conjurations
  1760 | D        | Reached XP level 10. HP: 42/44 MP: 12/27
  1877 | D        | Noticed a polar bear
  1883 | D        | Killed a polar bear
  1888 | D        | Noticed a molten gargoyle
  1895 | D        | Noticed a redback
  1895 | D        | Noticed an eight-headed hydra
  1898 | D        | Killed a molten gargoyle
  1898 | D        | Reached skill level 16 in Stealth
  1899 | D        | Noticed a snapping turtle
  1899 | D        | Noticed a molten gargoyle
  1900 | D        | Killed an eight-headed hydra
  1900 | D        | Reached skill level 15 in Dodging
  1901 | D        | Killed a redback
  1904 | D        | Killed a molten gargoyle
  1904 | D        | Reached skill level 10 in Hexes
  1910 | D        | Killed a four-headed hydra
  1916 | D        | Killed a snapping turtle
  1959 | D        | Noticed a bog body
  1965 | D        | Killed a bog body
  1967 | D        | Noticed a water moccasin
  2038 | D        | Noticed a killer bee
  2039 | D        | Killed an orc wizard
  2041 | D        | Noticed a killer bee
  2041 | D        | Noticed a killer bee
  2041 | D        | Noticed a boulder beetle
  2041 | D        | Noticed a ghost moth
  2041 | D        | Noticed a swamp drake
  2041 | D        | Noticed a centaur
  2043 | D        | Noticed a killer bee
  2043 | D        | Noticed a centaur
  2044 | D        | Killed a killer bee
  2045 | D        | Noticed a manticore
  2046 | D        | Noticed a basilisk
  2046 | D        | Noticed a ynoxinul
  2071 | D        | Killed a ghost moth
  2071 | D        | Reached skill level 17 in Stealth
  2071 | D        | Reached skill level 5 in Shields
  2133 | D        | Killed a centaur
  2270 | D        | Killed a basilisk
  2270 | D        | Reached XP level 11. HP: 44/47 MP: 22/29
  2279 | D        | Killed a killer bee
  2318 | D        | Killed a killer bee
  2325 | D        | Killed a manticore
  2333 | D        | Killed a boulder beetle
  2337 | D        | Killed a killer bee
  2403 | D        | Killed a ynoxinul
  2423 | D        | Killed a water moccasin
  2425 | D        | Killed a centaur
  2444 | D        | Killed a swamp drake
  2638 | D        | Noticed a blink frog
  2638 | D        | Noticed a vampire knight
  2638 | D        | Noticed a white draconian
  2638 | D        | Noticed a vampire
  2638 | D        | Noticed a hill giant
  2640 | D        | Killed a blink frog
  2641 | D        | Noticed a blink frog
  2642 | D        | Noticed a blink frog
  2642 | D        | Noticed an eight-headed hydra
  2642 | D        | Killed a blink frog
  2645 | D        | Noticed a minotaur
  2675 | D        | Killed a vampire knight
  2720 | D        | Noticed a sixfirhy
  2731 | D        | Killed a sixfirhy
  2731 | D        | Reached skill level 18 in Stealth
  2751 | D        | Noticed a greater naga
  2759 | D        | Noticed a spriggan druid
  2776 | D        | Killed a spriggan druid
  2782 | D        | HP: 1/47 [greater naga/poison arrow (40)]
  2789 | D        | Noticed a giant leech
  2796 | D        | Killed a greater naga
  2796 | D        | Reached skill level 10 in Short Blades
  2806 | D        | Killed a giant leech
  2815 | D        | Killed from afar by a white draconian

Vault maps used:
D:        pitsprint

Action                   |  1- 3 |  4- 6 |  7- 9 | 10-12 || total
-------------------------+-------+-------+-------+-------++-------
Melee: Dagger            |    76 |    30 |    10 |       ||   116
       Rapier            |       |       |    38 |    68 ||   106
 Cast: Corona            |     2 |       |       |       ||     2
       Ensorcelled Hiber |       |    11 |     8 |    20 ||    39
       Confuse           |       |     2 |     4 |    17 ||    23
       Dazzling Spray    |       |     1 |    10 |    19 ||    30
Invok: Shadow Step       |       |       |    11 |     4 ||    15
  Use: Potion            |     2 |       |       |     6 ||     8
       Scroll            |       |       |       |     3 ||     3
 Stab: Sleeping          |     4 |     5 |    21 |    13 ||    43
       Confused          |       |     1 |     2 |    13 ||    16
       Invisible         |       |       |       |     2 ||     2
  Eat: Bread ration      |     1 |     1 |       |       ||     2
